Unix NetHack Version 5.0.0-0 post-release - last build May 17 2026 04:57:42 (dc50c8380fa5e20985bfe3072449f57b8d9895ef,branch:main).

Game began 2026-05-18 16:00:23, ended 2026-05-18 16:27:25.

Drastanta, lawful male human Samurai

          ---                               ----             ---
         --.---           -----   ----      |..|          ----.-----
     ----|.>..--         --.|.--  |..--    --!.--         |......|..|
     |..---..).|         |.....-###...-----|....---       |.|....*..| ----
     |.........--  ----  |..|.............||-.....|       |.|--.*%.-- |..--
 -----.--.......----..-- ------#......).).--.%....|      --.| |.|..|  |...----
 |..|..||-...)...||....|       |......0..)........-      |..| |.|.-------....|
 |....--|........--....--     ###.............-....---   |.-- |.|......||....|
 |....| |.-.............--    ###....###.............--- |.|  |..-----.--...--
 |...-| --.%.............|    ##.#...###...............---.-- --.|   |.....--
 |....|---...............|    ##.....###....................| --.--- ----..---
 ----.||........--.).*..--    ##-.....|--...--^.---........-- |....-----.....--
    |.||........||......|## #*###.....| |...|--.| --.....|.|  |.....||...|....|
    |.--.......------.#.####**# #.....| -------.|  |....-|.|  |.....-|..---..--
    |..........|    --|...##***###....|      |..|  --...||.|  |......|--- ----
    |.......<..|      -##.#0#### -####-      |.-------..--.|  ---..^--
    ----.....---     ###..######-####G-##-----.|...........--   --..|
       --....|       ##............%..@e))..................|    --.|
        |..---       ###..############..--.)...----------...|     ---
        ----          #####0#*####  ##-##--.----        --.--
                       #*## 0##0##        ---            ---
Drastanta the Ninja    St:14 Dx:17 Co:18 In:11 Wi:9 Ch:9  Lawful
Dlvl:4  $:44 HP:0(59) Pw:21(21) AC:4  Xp:6 T:2262  Burdened

Latest messages:
 You kill the giant rat!
 You see here a giant rat corpse.
 You see here a rock.
 You hear crashing rock.
 Your lantern is getting dim.
 You hear crashing rock.
 You hit the elf zombie!
 You destroy the elf zombie!
 Your lantern is getting dim.
 The yellow light explodes!
 You are blinded by a blast of light!
 You fall down the stairs.
 You climb up the stairs.
 You can see again.
 The gecko just misses!
 You kill the gecko!
 You miss the giant rat.
 The giant rat bites!
 The giant rat misses!
 You miss the giant rat.
 The giant rat misses!
 You kill the giant rat!
 You see here a gecko corpse.
 You kill the acid blob!
 You are splashed by the acid blob's acid!
 You hear crashing rock.
 The sewer rat bites!
 You kill the sewer rat!
 You kill the sewer rat!
 You kill the sewer rat!
 You hear crashing rock.
 You hit the floating eye.
 You are frozen by the floating eye's gaze!
 You hear crashing rock.
 The gnome lady wields a scimitar!
 The gnome lady swings her scimitar.
 The gnome lady hits!
 The gnome lady takes a picture of you with an expensive camera!
 You are blinded by the flash of light!
 It hits!
 It hits!
 It hits!
 It hits!
 You can see again.
 The gnome lady swings her scimitar.
 The gnome lady hits!
 The gnome lady swings her scimitar.
 The gnome lady hits!
 You die...
 Do you want your possessions identified? [ynq] (y) q

Inventory:
 Coins    ('$')
  $ - 44 gold pieces
 Amulets  ('"')
  y - a cursed amulet of flying
 Weapons  (')')
  d - 44 +0 ya (in quiver)
  c - a +0 yumi (alternate weapon; not wielded)
  a - a +0 katana (weapon in right hand)
  z - the +0 Werebane
 Armor    ('[')
  u - a cursed -1 pair of gauntlets of fumbling
  A - a cursed rotted +1 pair of yugake
  B - an uncursed +0 pair of elven boots
  C - a cursed +0 elven cloak
  D - a cursed rotted +0 silver dragon scale mail
  e - an uncursed rustproof +0 splint mail (being worn)
 Comestibles  ('%')
  E - a cursed clove of garlic
  q - an uncursed cram ration
  F - 5 cursed gunyoki
  m - an uncursed lembas wafer
  o - an uncursed pancake
  s - 2 uncursed tripe rations
  G - a cursed lizard corpse
 Rings    ('=')
  H - a cursed ring of fire resistance
  J - a cursed ring of protection from shape changers
  l - an uncursed ring of see invisible
  I - a cursed ring of teleport control
 Wands    ('/')
  w - a wand of cold (0:5)
  M - a cursed wand of digging (0:4)
  g - a wand of nothing named Nm (0:14)
  K - a wand of sleep (0:4)
  L - a cursed wand of speed monster (0:3)
 Tools    ('(')
  j - a cursed brass lantern
  O - a cursed magic lamp (lit)
  Q - a cursed magic marker (0:22)
  P - a cursed magic marker (0:20)
  t - an uncursed oil lamp
  n - an uncursed towel

Drastanta the Samurai's attributes:

Background:
 You were a Ninja, a level 6 male human Samurai.
 You were lawful, nominally on a mission for Amaterasu Omikami
 who was opposed by Raijin (neutral) and Susanowo (chaotic).
 You were right-handed.
 You were in the Gnomish Mines, on level 4.
 You entered the dungeon 2262 turns ago.
 There was a new moon in effect when your adventure ended.
 You had 412 experience points, 228 more were needed to attain level 7.

Basics:
 You had 0 out of 59 hit points.
 You had all 21 energy points (spell power).
 Your armor class was 4.
 Your wallet contained 44 zorkmids.
 Autopickup was off.

Final Characteristics:
 Your strength was 14 (limit:18/100).
 Your dexterity was 17 (limit:18).
 Your constitution was 18 (limit:18).
 Your intelligence was 11 (limit:18).
 Your wisdom was 9 (limit:18).
 Your charisma was 9 (limit:18).

Final Status:
 You weren't hungry.
 You were burdened; movement was slightly slowed.
 You were wielding a long sword.
 You were skilled in long sword.

Final Attributes:
 You were piously aligned.
 You were warded.
 You were fast.
 You are dead.

Miscellaneous:
 You encountered 1 bones level.
 Total elapsed playing time was 26 minutes and 45 seconds.

Major events:
 Turn
    1: Drastanta the lawful male human Samurai entered the dungeon
  359: entered the Gnomish Mines
  731: attained the rank of Ronin (level 3)
 1740: found Werebane on the floor
 1780: attained the rank of Ninja (level 6)
 2262: killed by a gnome lady, while frozen by a floating eye's gaze

You didn't know any spells.

Skills:
 Fighting Skills
   martial arts      [Basic]
   two weapon combat [Unskilled]
   riding            [Unskilled]
 Weapon Skills
   dagger            [Unskilled]
   knife             [Unskilled]
   short sword       [Basic]
   broadsword        [Unskilled]
   long sword        [Skilled]
   two-handed sword  [Unskilled]
   saber             [Unskilled]
   flail             [Unskilled]
   quarterstaff      [Unskilled]
   polearms          [Unskilled]
   spear             [Unskilled]
   lance             [Unskilled]
   bow               [Basic]
   shuriken          [Unskilled]
 Spellcasting Skills
   attack spells     [Unskilled]
   divination spells [Unskilled]
   clerical spells   [Unskilled]

Voluntary challenges:
 Character rerolling was not enabled.
 You were an atheist.
 You never genocided any monsters.
 You never polymorphed an object.
 You never changed form.
 You used no wishes.
Achievements:
 You entered the Gnomish Mines.
 You entered a shop.
 You attained the rank of Ronin.
 You attained the rank of Ninja.

 The Dungeons of Doom: levels 1 to 2
    Level 1:
       A fountain.
    Level 2:
       A scroll shop.
       Stairs down to The Gnomish Mines.
 The Gnomish Mines: levels 3 to 7
    Level 3:
    Level 4: <- You were here.
       A grave.
       Final resting place for
          you, killed by a gnome lady, while frozen by a floating eye's gaze,
          Madleen-Hea-Gno-Fem-Neu, killed by a Woodland-elf.
    Level 5:
    Level 6:
    Level 7:


Vanquished creatures:
  a ghost
  a housecat
  a yellow light
  4 gnome leaders
  2 elf zombies
  a little dog
  a kobold shaman
  3 iguanas
 an acid blob
  a large kobold
  4 giant rats
  2 brown molds
 21 gnomes
  2 geckos
  3 jackals
  a fox
  a kobold
  a goblin
  7 sewer rats
  a lichen
  a kobold zombie
  8 newts
68 creatures vanquished.

No species were genocided or became extinct.

Game over:
                       ----------
                      /          \
                     /    REST    \
                    /      IN      \
                   /     PEACE      \
                  /                  \
                  |    Drastanta     |
                  |      44 Au       |
                  |   killed by a    |
                  |    gnome lady    |
                  |                  |
                  |                  |
                  |       2026       |
                 *|     *  *  *      | *
        _________)/\\_//(\/(/\)/\//\/|_)_______

Sayonara Drastanta the Samurai...

You died in The Gnomish Mines on dungeon level 4 with 1988 points,
and 44 pieces of gold, after 2262 moves.
You were level 6 with a maximum of 59 hit points when you died.

